 Dungeon Crawl Stone Soup version 0.23.0-3-gf3c87f2df8 (webtiles) character file.

Game seed: 1561342935528651511

6747 PikkenKukken the Zephyrmancer (level 11, -1/64 HPs)
             Began as a Tengu Air Elementalist on Feb 22, 2019.
             Was a Priest of Kikubaaqudgha.
             Slain by a komodo dragon (7 damage)
             ... on level 1 of the Lair of Beasts on Feb 23, 2019.
             The game lasted 00:47:23 (16426 turns).

PikkenKukken the Zephyrmancer (TeAE)               Turns: 16426, Time: 00:47:24

Health: -1/64      AC:  3    Str:  9    XL:     11   Next: 4%
Magic:  12/30      EV: 19    Int: 18    God:    Kikubaaqudgha [***...]
Gold:   508        SH:  0    Dex: 10    Spells: 1/23 levels left

rFire    . . .     SeeInvis .   E - +7 whip of Focus {vamp, rPois Dex-5 Stlth+}
rCold    . . .     Gourm    .   (no shield)
rNeg     . . .     Faith    .   a - +0 robe
rPois    +         Spirit   .   t - +1 hat
rElec    .         Reflect  .   (no cloak)
rCorr    .         Harm     .   (no gloves)
MR       .....                  (boots unavailable)
Stlth    +++.......             (no amulet)
HPRegen  0.20/turn              D - ring of magical power
MPRegen  0.22/turn              C - ring of poison resistance

@: flying quickly and evasively, quick
A: beak, talons 3, able to fly
a: Stop Flying, Receive Corpses, Renounce Religion


You were on level 1 of the Lair of Beasts.
You worshipped Kikubaaqudgha.
Kikubaaqudgha was most pleased with you.
You were not hungry.

You visited 3 branches of the dungeon, and saw 14 of its levels.

You collected 508 gold pieces.

Inventory:

Hand Weapons
 f - a +1 rapier
 v - a +1 hand axe of electrocution
 E - the +7 whip of Focus (weapon) {vamp, rPois Dex-5 Stlth+}
   (You found it on level 10 of the Dungeon)

   It inflicts no extra harm, but heals its wielder when it wounds a living foe.
   It affects your dexterity (-5).
   It protects you from poison.
   It makes you more stealthy.
Armour
 a - a +0 robe (worn)
 t - a +1 hat (worn)
Jewellery
 w - an uncursed ring of stealth
 C - a ring of poison resistance (right hand)
 D - a ring of magical power (left hand)
Wands
 y - a wand of paralysis (8)
 z - a wand of scattershot (5)
 A - a wand of iceblast (7)
 B - a wand of disintegration (28)
Scrolls
 e - 5 scrolls of teleportation
 m - 4 scrolls of identify
 o - 4 scrolls of remove curse
 p - 3 scrolls of magic mapping
 q - 3 scrolls of fog
 r - 3 scrolls of enchant weapon
 u - a scroll of amnesia
Potions
 b - 5 potions of curing
 g - 2 potions of degeneration {unknown}
 h - a potion of ambrosia {unknown}
 i - 2 potions of haste
 j - 4 potions of brilliance
 k - 4 potions of agility
 l - 3 potions of lignification {unknown}
 n - a potion of magic {unknown}
 s - 2 potions of heal wounds
 x - 2 potions of might {unknown}
Comestibles
 c - 6 rations


   Skills:
 - Level 6.0 Fighting
 + Level 9.1 Dodging
 - Level 2.0 Stealth
 + Level 6.5 Spellcasting
 - Level 8.0 Conjurations
 + Level 6.6 Necromancy
 - Level 10.0 Air Magic


You had one spell level left.
You knew the following spells:

 Your Spells              Type           Power        Failure   Level  Hunger
a - Shock                 Conj/Air       ####         1%          1    None
b - Static Discharge      Conj/Air       #####...     1%          3    ##.....
c - Airstrike             Air            #####.....   1%          4    ####...
d - Lightning Bolt        Conj/Air       #####.....   8%          5    #####..
e - Bolt of Draining      Conj/Necr      ####......   16%         5    #####..
f - Animate Dead          Necr           N/A          7%          4    ####...

Your spell library contained the following spells:

 Spells                   Type           Power        Failure   Level  Hunger
 Animate Skeleton         Necr           N/A          1%          1    None
 Pain                     Necr           ####         1%          1    None
 Sublimation of Blood     Necr           ####......   1%          2    None
 Swiftness                Chrm/Air       ###.....     2%          2    None
 Vampiric Draining        Necr           ####......   2%          3    ##.....
 Agony                    Necr           ####....     21%         5    #####..
 Dispel Undead            Necr           ####....     21%         5    #####..
 Borgnjor's Vile Clutch   Necr/Erth      ###.......   63%         5    #####..


Dungeon Overview and Level Annotations

Branches:
Dungeon (12/15)            Temple (1/1) D:5            Lair (1/6) D:9
    Orc: D:9-12

Altars:
Ashenzari
Cheibriados
Dithmenos
Elyvilon
Fedhas
Gozag
Hepliaklqana
Kikubaaqudgha
Makhleb
Nemelex Xobeh
Okawaru
Qazlal
Ru
Sif Muna
Trog
Uskayaw
Vehumet
Wu Jian
Xom
Yredelemnul
Zin
The Shining One

Annotations:
D:3 2 runed translucent doors, YM2612's ghost, amateur VSAs
D:6 Grinder


Innate Abilities, Weirdness & Mutations

You have a beak for a mouth.
You have claws for feet.
You can fly continuously.


Message History

You peck the komodo dragon, but do no damage.
The komodo dragon is heavily wounded.
The komodo dragon bites you!
You hit the komodo dragon.
You feel better.
The komodo dragon is severely wounded.
The komodo dragon bites you!!
You hit the komodo dragon.
You claw the komodo dragon, but do no damage.
The komodo dragon is severely wounded.
The komodo dragon misses you.
You hit the komodo dragon but do no damage.
The komodo dragon is severely wounded.
The komodo dragon bites you.
You hit the komodo dragon.
You feel better.
You peck the komodo dragon.
The komodo dragon is almost dead.
The komodo dragon bites you!!
* * * LOW HITPOINT WARNING * * *
The komodo dragon bites you!
You die...
Kikubaaqudgha rasps: "You have failed me!
Welcome... death!"

.# ♣♣♣♣♣♣♣.♣.i.♣♣♣...♣
.# ♣♣i♣♣..)...♣♣ .##
♣♣♣♣♣♣♣♣♣♣♣ ..####
.....#####
.........###############
##.#.#..................
.....#..........#.......
.##..#..........@l.#
................#.##
..................#
###..#............##
##..[.>......[#..#
#.............##.##
##........#...##.#
#.........#......#
##............####


You could see a komodo dragon.

Vanquished Creatures
  A komodo dragon (Lair:1)
  3 hippogriffs
  Sigmund (D:3)
  4 spriggans (Lair:1)
  3 yaks (D:9)
  Eustachio (D:6)
  2 water moccasins (D:10)
  3 porcupines
  An ice beast (D:7)
  4 orc warriors
  8 ogres
  A sky beast (D:10)
  4 centaurs
  A big kobold (D:10)
  9 bullfrogs
  3 scorpions
  5 killer bees
  3 wights
  A howler monkey (D:5)
  An electric eel (Lair:1)
  4 crimson imps
  A bullfrog zombie (D:10)
  A gnoll shaman (D:7)
  4 jellies
  3 orc priests
  4 hounds
  2 bullfrog skeletons
  3 iguanas
  8 worker ants
  2 centaur skeletons
  5 orc wizards
  A worker ant zombie (D:10)
  8 gnolls
  8 adders
  4 shadow imps
  An ooze (D:3)
  2 adder zombies
  An adder skeleton (D:6)
  2 worms
  3 dart slugs
  3 leopard geckos
  29 orcs
  7 giant cockroaches
  8 goblins
  5 hobgoblins
  2 quokkas
  A bat (D:3)
  9 frilled lizards
  A jackal skeleton (D:6)
  10 kobolds
  2 rats
  2 rat zombies (D:6)
205 creatures vanquished.

Vanquished Creatures (others)
  A wizard (D:5)
  7 fungi
  7 plants (D:9)
15 creatures vanquished.

Grand Total: 220 creatures vanquished

Notes
Turn   | Place    | Note
-------+----------+-------------------------------------------
     0 | D:1      | PikkenKukken the Tengu Air Elementalist began the quest for
                  | the Orb.
     0 | D:1      | Reached XP level 1. HP: 10/10 MP: 4/4
   269 | D:1      | Reached XP level 2. HP: 15/15 MP: 4/6
   924 | D:2      | Reached XP level 3. HP: 11/19 MP: 0/7
  1092 | D:2      | Learned a level 3 spell: Static Discharge
  1258 | D:2      | Found a white marble altar of Elyvilon.
  1412 | D:2      | Found a faded altar of an unknown god.
  1715 | D:2      | Reached XP level 4. HP: 11/24 MP: 2/8
  1919 | D:2      | Reached skill level 5 in Air Magic
  2482 | D:3      | Gained mutation: You can fly continuously. [Tengu growth]
  2482 | D:3      | Reached XP level 5. HP: 27/28 MP: 6/9
  3045 | D:3      | Found a runed translucent door.
  3046 | D:3      | Noticed YM2612's ghost (amateur VSAs)
  3059 | D:3      | Noticed Sigmund
  3155 | D:3      | Found a runed translucent door.
  3411 | D:4      | Learned a level 4 spell: Airstrike
  3522 | D:4      | Reached XP level 6. HP: 32/32 MP: 2/10
  4067 | D:5      | Entered Level 5 of the Dungeon
  4087 | D:5      | Reached skill level 6 in Air Magic
  4304 | D:5      | Reached skill level 5 in Conjurations
  4692 | D:5      | Reached XP level 7. HP: 33/36 MP: 9/12
  4693 | D:5      | Found a staircase to the Ecumenical Temple.
  4704 | Temple   | Entered the Ecumenical Temple
  5023 | D:5      | Found a hazy altar of Hepliaklqana.
  5032 | D:5      | Reached skill level 5 in Dodging
  5506 | D:5      | Found a bloodstained altar of Trog.
  5509 | D:5      | Noticed a wizard
  5515 | D:5      | Killed a wizard
  5888 | D:6      | Noticed Eustachio
  6136 | D:6      | Found an ancient bone altar of Kikubaaqudgha.
  6144 | D:6      | Became a worshipper of Kikubaaqudgha
  6388 | D:6      | Noticed Grinder
  6448 | D:7      | Reached XP level 8. HP: 26/41 MP: 9/14
  6604 | D:6      | Reached skill level 1 in Necromancy
  7313 | D:7      | Reached skill level 1 in Fighting
  7332 | D:7      | Reached skill level 7 in Air Magic
  8047 | D:7      | Reached * piety under Kikubaaqudgha
  8047 | D:7      | Identified Kikubaaqudgha's Volume of Dark Arts
                  | (Kikubaaqudgha gifted it to you on level 7 of the Dungeon)
  8047 | D:7      | Received a gift from Kikubaaqudgha
  8165 | D:7      | Noticed a hippogriff
  8218 | D:7      | Learned a level 5 spell: Lightning Bolt
  8362 | D:7      | Reached skill level 8 in Air Magic
  8622 | D:7      | Reached XP level 9. HP: 49/49 MP: 8/16
 10006 | D:3      | Killed Sigmund
 10006 | D:3      | Reached skill level 5 in Spellcasting
 10226 | D:6      | Paralysed by Grinder for 7 turns
 10798 | D:6      | Killed Eustachio
 11418 | D:8      | Reached ** piety under Kikubaaqudgha
 11554 | D:8      | Found a bloodstained altar of Trog.
 12006 | D:8      | Reached skill level 5 in Necromancy
 12474 | D:9      | Reached XP level 10. HP: 58/58 MP: 5/18
 13187 | D:9      | Reached skill level 5 in Fighting
 13594 | D:9      | Found a staircase to the Lair.
 13718 | D:10     | Entered Level 10 of the Dungeon
 14044 | D:10     | Reached skill level 9 in Air Magic
 14070 | D:10     | Got a transparent whip
 14072 | D:10     | Identified the +7 whip of Focus {vamp, rPois Dex-5 Stlth+}
                  | (You found it on level 10 of the Dungeon)
 14111 | D:10     | Found a burning altar of Makhleb.
 14587 | D:10     | You are sucked into a shaft for 2 floors!
 14599 | D:12     | Noticed a two-headed ogre
 15006 | D:10     | Found a shadowy altar of Dithmenos.
 15058 | D:10     | Reached *** piety under Kikubaaqudgha
 15058 | D:10     | Identified Kikubaaqudgha's Grimoire of Stolen Souls
                  | (Kikubaaqudgha gifted it to you on level 10 of the Dungeon)
 15058 | D:10     | Received a gift from Kikubaaqudgha
 15076 | D:10     | Learned a level 5 spell: Bolt of Draining
 15519 | Lair:1   | Entered Level 1 of the Lair of Beasts
 15916 | Lair:1   | Reached XP level 11. HP: 16/64 MP: 21/21
 16220 | D:9      | Reached skill level 10 in Air Magic
 16391 | Lair:1   | Learned a level 4 spell: Animate Dead
 16426 | Lair:1   | Slain by a komodo dragon

Skill      XL: |  1  2  3  4  5  6  7  8  9 10 11 |
---------------+----------------------------------+-----
Conjurations   | 2 3 4 5 6 7 8 |  8.0
Dodging        | 3 4 5 6 7 9 |  9.1
Air Magic      | 5 6 8 9 10 | 10.0
Spellcasting   | 3 4 5 6 |  6.5
Necromancy     | 2 5 6 |  6.6
Fighting       | 2 4 6 |  6.0
Stealth        | |  2.0

Action                   |  1- 3 |  4- 6 |  7- 9 | 10-12 || total
-------------------------+-------+-------+-------+-------++-------
Melee: Unarmed           |    10 |       |       |       ||    10
       Kick              |     6 |    19 |    26 |    14 ||    65
       Peck              |     3 |     7 |    17 |    12 ||    39
       Dagger            |     1 |       |       |       ||     1
       Rapier            |     6 |    54 |    11 |       ||    71
       Hand axe          |       |       |   106 |     9 ||   115
       Whip              |       |       |       |    87 ||    87
 Cast: Shock             |    69 |    84 |   138 |    75 ||   366
       Static Discharge  |     1 |     6 |    29 |    10 ||    46
       Airstrike         |       |     1 |     4 |     6 ||    11
       Lightning Bolt    |       |       |    26 |    26 ||    52
       Bolt of Draining  |       |       |       |     3 ||     3
 Abil: Fly               |       |     1 |       |       ||     1
  Use: Scroll            |     4 |     7 |     4 |     3 ||    18
       Potion            |       |       |     1 |       ||     1
 Stab: Sleeping          |       |       |     2 |       ||     2
       Distracted        |       |       |     1 |       ||     1
  Eat: Chunk             |     4 |     8 |    15 |    10 ||    37
       Ration            |       |     1 |     6 |     5 ||    12
Armor: Robe              |     1 |     2 |    12 |     3 ||    18
Dodge: Dodged            |     8 |    60 |   153 |    90 ||   311
